 Dungeon Crawl Stone Soup version 0.29-a0-521-g59ce8b2d47 (webtiles) character file.

Game seed: 16211440760279894101

253 Morbidden the Magician (level 6, 0/42 HPs)
             Began as a Djinni Fire Elementalist on June 1, 2022.
             Slain by a jackal (2 damage)
             ... on level 4 of the Dungeon.
             The game lasted 00:04:02 (4218 turns).

Morbidden the Magician (Djinni Fire Elementalist)   Turns: 4218, Time: 00:04:03

Health: 0/42       AC:  2    Str:  9    XL:     6   Next: 37%
Gold:   186        EV: 12    Int: 17    God:
                   SH:  0    Dex: 13

rFire   + + .      SeeInvis .     - Unarmed
rCold   x . .      Faith    .   (no shield)
rNeg    . . .      Spirit   .   a - +0 robe
rPois   ∞          Reflect  .   (no helmet)
rElec   .          Harm     .   (no cloak)
rCorr   .          Rampage  .   (no gloves)
Will    .....                   (boots unavailable)
Stlth   ++........              (no amulet)
HPRegen 0.14/turn               (no ring)
MPRegen 0.00/turn               (no ring)

@: flying
A: sickness immunity, fire resistance 2, cold vulnerability 1, float, innate
caster, HP casting, extra vitality 1
a: no special abilities


You were on level 4 of the Dungeon.
You visited 1 branch of the dungeon, and saw 4 of its levels.

You collected 186 gold pieces.

Inventory:

Armour
 a - a +0 robe (worn)
Wands
 i - a wand of paralysis (8)
Scrolls
 b - 3 scrolls of teleportation {unknown}
 e - 2 scrolls of vulnerability {unknown}
 f - 6 scrolls of identify {unknown}
 h - 2 scrolls of fog {unknown}
 j - a scroll of enchant armour {unknown}
 k - 2 scrolls of fear {unknown}
 l - 2 scrolls of amnesia {unknown}
 o - a scroll of silence {unknown}
 p - 2 scrolls of summoning {unknown}
 q - 2 scrolls of blinking {unknown}
 r - a scroll of poison {unknown}
Potions
 c - 2 potions of might {unknown}
 d - a potion of ambrosia {unknown}
 g - a potion of mutation {unknown}
 m - a potion of degeneration {unknown}
 n - 2 potions of heal wounds {unknown}
 s - a potion of curing {unknown}


   Skills:
 * Level 1.4 Fighting
 * Level 2.9 Dodging
 + Level 1.9 Stealth
 * Level 1.8 Unarmed Combat
 * Level 4.3 Spellcasting


You couldn't memorise any spells.
You knew the following spells:

 Your Spells              Type           Power      Damage    Failure   Level
a - Foxfire               Conj/Fire      72%        2x1d7     2%          1
b - Scorch                Fire           36%        2d7       3%          2
c - Conjure Flame         Conj/Fire      18%        6-21      8%          3
d - Inner Flame           Hex/Fire       18%        N/A       8%          3
e - Flame Wave            Conj/Fire      18%        2d6       26%         4
f - Apportation           Tloc           36%        N/A       2%          1
g - Passwall              Tmut/Erth      15%        N/A       3%          2
Your spell library was empty.

Dungeon Overview and Level Annotations

Branches:
Dungeon (4/15)
 Temple: D:4-7

Altars:
Kikubaaqudgha

Shops:
D:2 *


Innate Abilities, Weirdness & Mutations

You are immune to sickness and miasma.
You are immune to poison.
Your flesh is very heat resistant. (rF++)
You are vulnerable to cold. (rC-)
You float through the air rather than walking.
You learn spells naturally, not from books.
Your magical power is your life essence.
You have superior vitality. (+4 MHP)


Message History

The jackal barely misses you.
The jackal bites you but does no damage.
The jackal bites you.
Casting: Scorch (safe; 4% risk of failure)
Confirm with . or Enter, or press ? or * to list all spells.
Flames lash the jackal.
The jackal is burned terribly!
You kill the jackal!
The jackal barely misses you.
Casting: Scorch (safe; 4% risk of failure)
Confirm with . or Enter, or press ? or * to list all spells.
Flames lash the jackal.
The jackal is almost dead.
The jackal's fire resistance burns away.
The jackal bites you. The adder misses you. The adder bites you.
The jackal bites you but does no damage.
Your magical contamination has completely faded away.
Casting: Scorch (safe; 4% risk of failure)
Confirm with . or Enter, or press ? or * to list all spells.
Flames lash the adder.
The adder is severely wounded.
The adder's fire resistance burns away.
* * * LOW HITPOINT WARNING * * *
The jackal bites you.
* * * LOW HITPOINT WARNING * * *
The adder bites you.
* * * LOW HITPOINT WARNING * * *
Casting: Scorch (safe; 4% risk of failure)
Confirm with . or Enter, or press ? or * to list all spells.
Flames lash the adder.
The adder is burned terribly!
You kill the adder!
* * * LOW HITPOINT WARNING * * *
The jackal closely misses you.
Unknown command.
Casting: Scorch (safe; 3% risk of failure)
Confirm with . or Enter, or press ? or * to list all spells.
Flames lash the goblin.
You kill the goblin!
* * * LOW HITPOINT WARNING * * *
The jackal bites you.
You die...

#.#.#
######......#.
#.#.#
........###.#.
#.#.#
#.......###.#.
#.#..
........#..>..
#.###
........###.#. #.#
........# #.#. #.#
........# #.#+
#.######...)##...#
... #.....@h).....
... #######†...)..
#... ....### +..
#...# ..... #.....
..#.. #.##.


You could see a jackal (combustible).

Vanquished Creatures
  An ogre (D:4)
  A necrophage (D:4)
  A hound (D:4)
  An adder (D:4)
  A worm (D:2)
  A dart slug (D:1)
  5 orcs
  3 endoplasms
  2 giant cockroaches (D:2)
  6 goblins
  5 hobgoblins
  6 jackals
  4 quokkas
  7 ball pythons
  2 bats (D:2)
  3 frilled lizards
  8 kobolds
  2 rats (D:1)
59 creatures vanquished.

Vanquished Creatures (others)
  265 foxfires
265 creatures vanquished.

Grand Total: 324 creatures vanquished

Notes
Turn   | Place    | Note
-------+----------+-------------------------------------------
     0 | D:1      | Morbidden the Djinni Fire Elementalist began the quest for
                  | the Orb.
     0 | D:1      | Reached XP level 1. HP: 15/15 MP: 0/0
   307 | D:1      | Reached XP level 2. HP: 17/21 MP: 0/0
   577 | D:1      | Found a faded altar of an unknown god.
   577 | D:1      | Noticed a floating eye
   581 | D:1      | Noticed a great orb of eyes
   581 | D:1      | Noticed a great orb of eyes
   581 | D:1      | Noticed a golden eye
  1313 | D:2      | Reached XP level 3. HP: 20/26 MP: 0/0
  1313 | D:2      | Learned a level 1 spell: Apportation
  1518 | D:2      | Found Xunnuamo's General Store.
  1549 | D:2      | Reached skill level 1 in Unarmed Combat
  1620 | D:2      | Reached skill level 3 in Spellcasting
  2850 | D:3      | Reached XP level 4. HP: 28/31 MP: 0/0
  3535 | D:4      | Noticed a necrophage
  3546 | D:4      | Killed a necrophage
  3547 | D:4      | Reached skill level 1 in Fighting
  3547 | D:4      | Reached XP level 5. HP: 17/37 MP: 0/0
  3547 | D:4      | Learned a level 2 spell: Passwall
  3806 | D:4      | Noticed an ogre
  3814 | D:4      | Killed an ogre
  3815 | D:4      | Reached skill level 4 in Spellcasting
  3815 | D:4      | Reached XP level 6. HP: 30/42 MP: 0/0
  4218 | D:4      | Slain by a jackal

Illustrated notes

Levels and vault maps discovered:
D:1:      erik_arrival_blinker_ship, layout_rooms,
          hellmonk_ecumenical_altar_watching_god, hangedman_decor_points,
          minmay_misc_feat_doors, hex_intersection, grunt_decor_cap
D:2:      layout_basic, serial_shops, nicolae_shop_hallway_plus
D:3:      layout_loops_cross
D:4:      layout_basic, lemuel_round_altar, minmay_temple_entry_wispy,
          minmay_ruptured, uniq_crazy_yiuf_cottage

Skill      XL: |  1  2  3  4  5 |
---------------+----------------+-----
Unarmed Combat | 1 |  1.8
Spellcasting   | 3 4 |  4.3
Fighting       | 1 |  1.4
Dodging        | |  2.9
Stealth        | |  1.9

Action                   |  1- 3 |  4- 6 || total
-------------------------+-------+-------++-------
 Cast: Foxfire           |   119 |    30 ||   149
       Scorch            |     5 |    21 ||    26
       Conjure Flame     |       |     4 ||     4
Armor: Robe              |       |     3 ||     3
Dodge: Dodged            |       |     8 ||     8

Table legend: (Time is in decaauts)
 A = Elapsed time spent in this place.
 B = Non-inter-level travel time spent in this place.
 C = Inter-level travel time spent in this place.
 D = Time resting spent in this place.
 E = Time spent auto-exploring this place.
 F = Levels seen in this place.
 G = Mean time per level.
                   A        B        C        D        E       F      G
               +--------+--------+--------+--------+--------+-----+--------+
         Total |   4217 |   4139 |     78 |    163 |   3591 |   4 | 1054.2 |
       Dungeon |   4217 |   4139 |     78 |    163 |   3591 |   4 | 1054.2 |
               +--------+--------+--------+--------+--------+-----+--------+

Top non-repeatable levels by time:
     D:2: 1287 daAuts
     D:1: 1189 daAuts
     D:3: 967 daAuts
     D:4: 772 daAuts
